 Dungeon Crawl Stone Soup version 0.19-a0-1216-g363869b (webtiles) character file.

37 4thArraOfDagon the Ruffian (level 3, -6/36 HPs)
             Began as a Troll Monk on Aug 23, 2016.
             Was a Believer of Cheibriados.
             Mangled by an ogre
             ... wielding a +0 giant club
              (23 damage)
             ... on level 4 of the Dungeon.
             The game lasted 00:02:01 (648 turns).

4thArraOfDagon the Ruffian (Troll Monk)              Turns: 648, Time: 00:02:02

Health: -6/36      AC:  5    Str: 23    XL:     3   Next: 23%
Magic:  2/2        EV: 11    Int: 11    God:    Cheibriados [**....]
Gold:   25         SH:  0    Dex: 16    Spells: 0 memorised, 2 levels left

rFire  . . .     SeeInvis .       - Unarmed
rCold  . . .     Gourm    +     a - +0 robe
rNeg   . . .     Faith    .     (no shield)
rPois  .         Spirit   .     (helmet restricted)
rElec  .         Dismiss  .     (no cloak)
rCorr  .         Reflect  .     (gloves unavailable)
MR     .....     Harm     .     (boots unavailable)
Stlth  ++........               (no amulet)
                                (no ring)
                                (no ring)

@: very slow
A: unfitting armour, claws 3, fast metabolism 3, gourmand, regeneration 1,
shaggy fur 1, tough skin 2
a: Bend Time, Renounce Religion


You were on level 4 of the Dungeon.
You worshipped Cheibriados.
Cheibriados was pleased with you.
You were not hungry.

You visited 1 branch of the dungeon, and saw 4 of its levels.

You collected 25 gold pieces.

Inventory:

Armour
 a - a +0 robe (worn)
Scrolls
 c - a scroll of fear {unknown}
 d - a scroll of random uselessness {unknown}
 e - a scroll of noise {unknown}
 i - a scroll of enchant weapon {unknown}
 j - a scroll of identify {unknown}
 k - a scroll of recharging {unknown}
 l - a scroll of remove curse {unknown}
Potions
 f - a potion of magic {unknown}
 h - a potion of lignification {unknown}
Books
 g - a book of Flames

   Spells                             Type                      Level
   a - Flame Tongue                   Conjuration/Fire             1
   b - Throw Flame                    Conjuration/Fire             2
   c - Conjure Flame                  Conjuration/Fire             3
   d - Inner Flame                    Hexes/Fire                   3
   e - Sticky Flame                   Conjuration/Fire             4
   f - Fireball                       Conjuration/Fire             5
Comestibles
 b - 2 bread rations


   Skills:
 - Level 2.4 Fighting
 + Level 2.7 Dodging
 - Level 1.1 Stealth
 * Level 3.9 Unarmed Combat
 + Level 0.5 Invocations


You had 2 spell levels left.
You didn't know any spells.

Dungeon Overview and Level Annotations

Branches:
Dungeon (4/15)             Temple (0/1) D:4

Altars:
Cheibriados
Gozag
Qazlal
Yredelemnul


Innate Abilities, Weirdness & Mutations

You are too large for most types of armour.
You have claws for hands.
Your metabolism is lightning-fast.
You like to eat raw meat.
Your natural rate of healing is unusually fast.
You are covered in fur. (AC +1)
You have very tough skin. (AC +2)


Message History

The ogre is lightly wounded.
The ogre hits you with a giant club!!
Ouch! That really hurt!
You scratch the ogre but do no damage.
The ogre is lightly wounded.
The ogre barely misses you.
You scratch the ogre. Your claw misses the ogre.
The ogre is moderately wounded.
You barely miss the ogre.
The ogre is moderately wounded.
The ogre closely misses you.
You scratch the ogre.
The ogre is heavily wounded.
The ogre closely misses you.
Unknown command.
You scratch the ogre.
The ogre is severely wounded.
The ogre hits you with a giant club!!
Ouch! That really hurt!
You die...

#### ..# #.#
#.#######..
#..@O.....#
#...#######
#[#.# #.#.#
#.#.. #.####
#>######
#......#
#<.###.#######.


You could see an ogre.

Vanquished Creatures
  An adder (D:2)
  A worm (D:3)
  A giant gecko (D:3)
  3 giant cockroaches
  4 goblins
  3 hobgoblins
  2 quokkas
  3 bats
  A kobold (D:2)
  3 rats
22 creatures vanquished.

Notes
Turn   | Place    | Note
-------+----------+-------------------------------------------
     0 | D:1      | 4thArraOfDagon the Troll Monk began the quest for the Orb.
     0 | D:1      | Reached XP level 1. HP: 22/22 MP: 0/0
   287 | D:2      | Reached XP level 2. HP: 21/29 MP: 1/1
   292 | D:2      | Found a faded altar of an unknown god.
   437 | D:2      | Found a stormy altar of Qazlal.
   444 | D:2      | Found a snail-covered altar of Cheibriados.
   447 | D:2      | Found a basalt altar of Yredelemnul.
   456 | D:2      | Became a worshipper of Cheibriados the Contemplative
   456 | D:2      | Reached * piety under Cheibriados
   456 | D:2      | Reached ** piety under Cheibriados
   545 | D:3      | Reached XP level 3. HP: 36/36 MP: 2/2
   550 | D:3      | Found an opulent altar of Gozag.
   582 | D:4      | Found a staircase to the Ecumenical Temple.
   640 | D:4      | Noticed an ogre
   648 | D:4      | Mangled by an ogre

Vault maps used:
D:1:      lightli_arrival_noodles
D:2:      minmay_overflow_temple_star_quad, first_bread, ecumenical_altar_2
D:3:      grunt_gozag_statues, uniq_iyjb, uniq_robin

Action                   || total
-------------------------++-------
Melee: Unarmed           ||    64
 Stab: Sleeping          ||     1
  Eat: Chunk             ||     4
Armor: Robe              ||    19
Dodge: Dodged            ||    35
